 Dungeon Crawl Stone Soup version 0.26-a0-227-g1af32d979d (webtiles) character file.

Game seed: 1288910646821866776

198 BritishOli the Slasher (level 5, -5/39 HPs)
             Began as a Demonspawn Gladiator on July 7, 2020.
             Killed by divine providence
             ... invoked by an orc priest
              (16 damage)
             ... on level 4 of the Dungeon.
             The game lasted 00:03:16 (3495 turns).

BritishOli the Slasher (Demonspawn Gladiator)       Turns: 3495, Time: 00:03:17

Health: -5/39      AC:  8    Str: 15    XL:     5   Next: 47%
Magic:  5/5        EV: 11    Int: 10    God:
Gold:   82         SH:  0    Dex: 14    Spells: 4/4 levels left

rFire    . . .     SeeInvis .   a - +0 long sword
rCold    . . .     Faith    .   (no shield)
rNeg     . . .     Spirit   .   o - +0 scale mail (curse)
rPois    .         Reflect  .   c - +0 helmet
rElec    .         Harm     .   q - +0 cloak
rCorr    .                      (no gloves)
MR       .....                  (no boots)
Stlth    ..........             (no amulet)
HPRegen  0.13/turn              (no ring)
MPRegen  0.09/turn              (no ring)

@: no status effects
A: talons 2, demonic guardian 1
a: no special abilities


You were on level 4 of the Dungeon.
You were not hungry.

You visited 1 branch of the dungeon, and saw 4 of its levels.

You collected 82 gold pieces.

Inventory:

Hand Weapons
 a - a +0 long sword (weapon)
Missiles
 d - 3 throwing nets (quivered)
Armour
 b - a +0 leather armour
 c - a +0 helmet (worn)
 o - a cursed +0 scale mail (worn)
 q - a +0 cloak (worn)
Jewellery
 i - an uncursed amulet of magic regeneration
Scrolls
 g - 4 scrolls of remove curse {unknown}
 k - 7 scrolls of identify {unknown}
 n - a scroll of noise {unknown}
 s - a scroll of enchant weapon {unknown}
Potions
 e - a potion of curing
 h - 2 potions of ambrosia {unknown}
 j - a potion of flight {unknown}
 l - a potion of heal wounds {unknown}
 m - a potion of invisibility {unknown}
 p - 2 potions of stabbing {unknown}
 r - a potion of might {unknown}
Comestibles
 f - a ration


   Skills:
 + Level 2.5 Fighting
 + Level 4.0 Long Blades
 + Level 1.8 Throwing
 * Level 2.7 Armour
 + Level 3.3 Dodging
 + Level 0.2 Stealth


You had 4 spell levels left.
You didn't know any spells.
Your spell library was empty.

Dungeon Overview and Level Annotations

Branches:
Dungeon (4/15)
 Temple: D:4-7

Altars:
Hepliaklqana
Makhleb


Innate Abilities, Weirdness & Mutations

You have razor-sharp toenails.
A weak demonic guardian rushes to your aid.


Message History

a cursed -3 club; an orc corpse Your scale mail prevents you from hitting the orc wizard.
Your kick misses the orc wizard.
The orc wizard hits you but does no damage.
The orc hits you from afar with a +0 trident.
You hit the orc wizard.
The orc wizard is moderately wounded.
The orc wizard hits you with a +0 dagger.
The orc barely misses you. The orc wizard closely misses you.
You hit the orc wizard but do no damage.
The orc wizard is moderately wounded.
The orc priest calls down the wrath of Beogh upon you.
Beogh smites you! The orc barely misses you.
The orc priest mumbles some strange prayers to Beogh against you.
Beogh smites you!
* * * LOW HITPOINT WARNING * * *
The orc wizard hits you but does no damage.
The orc priest mumbles some strange prayers to Beogh against you.
Beogh smites you!
You die...

#####
#<$.#
###5#
#@#
#o#
#o#


oo. #.# ..# ### You could see 2 orc priests, an orc wizard, an orc and a
friendly white imp (summoned).

Vanquished Creatures
  A hound (D:3)
  An orc priest (D:3)
  3 adders
  A white imp (D:3)
  2 oozes (D:1)
  4 dart slugs
  2 leopard geckos
  6 orcs
  A ball python (D:2)
  5 bats
  4 giant cockroaches
  12 goblins
  6 hobgoblins
  3 jackals (D:1)
  A quokka (D:3)
  3 frilled lizards
  8 kobolds
  9 rats
72 creatures vanquished.

Vanquished Creatures (collateral kills)
  Jessica (D:3)
  An orc (D:3)
2 creatures vanquished.

Grand Total: 74 creatures vanquished

Notes
Turn   | Place    | Note
-------+----------+-------------------------------------------
     0 | D:1      | BritishOli the Demonspawn Gladiator began the quest for the
                  | Orb.
     0 | D:1      | Reached XP level 1. HP: 16/16 MP: 1/1
   269 | D:2      | Gained mutation: A weak demonic guardian rushes to your
                  | aid. [demonic ancestry]
   269 | D:2      | Reached XP level 2. HP: 22/22 MP: 2/2
   301 | D:2      | Reached skill level 3 in Long Blades
   697 | D:2      | Reached skill level 1 in Armour
   697 | D:2      | Reached XP level 3. HP: 12/27 MP: 3/3
  1286 | D:2      | Found a hazy altar of Hepliaklqana.
  2038 | D:1      | Gained mutation: You have sharp toenails. [demonic
                  | ancestry]
  2038 | D:1      | Reached XP level 4. HP: 30/33 MP: 4/4
  2508 | D:3      | Noticed Jessica
  2519 | D:3      | Killed Jessica
  2711 | D:3      | Gained mutation: You have razor-sharp toenails. [demonic
                  | ancestry]
  2711 | D:3      | Reached XP level 5. HP: 38/39 MP: 5/5
  2751 | D:3      | Reached skill level 4 in Long Blades
  3241 | D:3      | Found a burning altar of Makhleb.
  3495 | D:4      | Killed from afar by an orc priest

Illustrated notes

Levels and vault maps discovered:
D:1:      lemuel_arrival_broad_hall, layout_loops_ring, minivault_14,
          item_on_display_a
D:2:      layout_basic, old_standard_altar, nicolae_underground_beach
D:3:      layout_basic, lightli_temple_of_fire, uniq_jessica
D:4:      layout_basic, overflow_temple_1_default, kennysheep_little_box

Skill      XL: |  1  2  3  4  5 |
---------------+----------------+-----
Long Blades    | 3 4 |  4.0
Dodging        | 3 |  3.3
Armour         | 1 2 |  2.7
Fighting       | |  2.5
Throwing       | |  1.8
Stealth        | |  0.2

Action                   |  1- 3 |  4- 6 || total
-------------------------+-------+-------++-------
Melee: Long sword        |   103 |    79 ||   182
       Kick              |       |    20 ||    20
  Use: Potion            |     1 |       ||     1
 Stab: Distracted        |       |     1 ||     1
  Eat: Ration            |     1 |     2 ||     3
Armor: Leather armour    |    25 |    12 ||    37
       Scale mail        |       |    19 ||    19
Dodge: Dodged            |    84 |    55 ||   139
       Rpst.: Long sword |    25 |    16 ||    41

Table legend:
 A = Non-vault XP
 B = Vault XP
 C = Vault XP percentage of total XP
 D = Non-vault monster count
 E = Vault monster count
 F = Vault count percentage of total count
                 A         B        C        D         E       F
            +---------+---------+-------+---------+---------+-------
      Total |     261 |      22 |   7.8 |      73 |       1 |   1.4
            +---------+---------+-------+---------+---------+-------
        D:1 |      62 |       0 |   0.0 |      29 |       0 |   0.0
        D:2 |      63 |       0 |   0.0 |      22 |       0 |   0.0
        D:3 |     133 |      22 |  14.2 |      21 |       1 |   4.5
        D:4 |       3 |       0 |   0.0 |       1 |       0 |   0.0
            +---------+---------+-------+---------+---------+-------
